 Dungeon Crawl Stone Soup version 0.29-a0-581-ge9a90b782e (webtiles) character file.

Game seed: 16882532207585651295

27417 KristoblXynda the Carver (level 13, -9/183 HPs)
             Began as a Green Draconian Berserker on June 14, 2022.
             Was a High Priest of Trog.
             Mangled by Agnes
             ... wielding a +3 lajatang of distortion
              (37 damage)
             ... on level 14 of the Dungeon.
             The game lasted 00:21:59 (22883 turns).

KristoblXynda the Carver (DrBe)                    Turns: 22883, Time: 00:22:00

Health: -9/183     AC: 16    Str: 20    XL:     13   Next: 4%
Magic:  4/4        EV: 19    Int: 10    God:    Trog [*****.]
Gold:   1286       SH:  0    Dex: 19    Spells: 12/12 levels left

rFire   . . .      SeeInvis .   h - +4 great sword (antimagic)
rCold   . . .      Faith    .   (shield currently unavailable)
rNeg    . . .      Spirit   .   (body armour unavailable)
rPois   +          Reflect  .   a - +0 hat
rElec   .          Harm     .   t - +0 cloak
rCorr   .          Rampage  .   j - +0 pair of gloves
Will    .....                   A - +1 pair of boots
Stlth   ..........              (no amulet)
HPRegen 0.40/turn               e - +6 ring of dexterity
MPRegen 0.09/turn               J - +4 ring of protection

@: berserking (expiring), very quick
A: breathe noxious fumes, AC +8, unfitting armour, poison resistance,
cold-blooded
a: Breathe Noxious Fumes, Renounce Religion, Berserk, Trog's Hand, Brothers in
Arms


You were on level 14 of the Dungeon.
You worshipped Trog.
Trog was extremely pleased with you.
You visited 2 branches of the dungeon, and saw 15 of its levels.
You also visited: Sewer and Ossuary.

You collected 1502 gold pieces.
You spent 216 gold pieces at shops.

Inventory:

Hand Weapons
 h - a +4 antimagic great sword (weapon)
 K - a +2 scimitar of flaming
Missiles
 D - 3 throwing nets (quivered)
Armour
 a - a +0 hat (worn)
 j - a +0 pair of gloves (worn)
 t - a +0 cloak (worn)
 A - a +1 pair of boots (worn)
Jewellery
 d - a ring of positive energy
 e - a +6 ring of dexterity (left hand)
 q - the ring "Zuchudim" {Wiz rC+ Int+6}
   (You found it on level 2 of the Dungeon)

   [ring of wizardry]

   It improves your spell success rate.
   Int:       It affects your intelligence (+6).
   rC:        It protects you from cold.
 C - a ring of protection from cold
 I - a ring of ice
 J - a +4 ring of protection (right hand)
 L - a ring of positive energy
Wands
 v - a wand of acid (19)
 x - a wand of iceblast (20)
 H - a wand of mindburst (7)
Scrolls
 f - 4 scrolls of poison
 g - 9 scrolls of teleportation
 l - 4 scrolls of fear
 m - 2 scrolls of blinking
 o - 5 scrolls of fog
 p - 2 scrolls of magic mapping
 y - a scroll of vulnerability
 B - 2 scrolls of amnesia
Potions
 b - 11 potions of curing
 c - 2 potions of attraction
 i - 5 potions of cancellation
 k - 4 potions of lignification
 n - 5 potions of mutation
 r - a potion of invisibility {unknown}
 s - 4 potions of might
 w - 4 potions of heal wounds
 z - 6 potions of flight
 E - 2 potions of ambrosia
 G - a potion of haste


   Skills:
 + Level 13.3 Fighting
 * Level 14.9 Long Blades
 + Level 11.3 Dodging


You had 12 spell levels left.
You didn't know any spells.
Your spell library contained the following spells:

 Spells                   Type           Power      Damage    Failure   Level
 Beastly Appendage        Tmut           0%         N/A       36%         1
 Shock                    Conj/Air       0%         1d3       36%         1
 Sting                    Tmut/Pois      0%         1d3       36%         1
 Ensorcelled Hibernation  Hex/Ice        0%         N/A       50%         2
 Poisonous Vapours        Pois/Air       0%         N/A       50%         2
 Wereblood                Tmut           0%         N/A       50%         2
 Gell's Gravitas          Tloc           0%         N/A       75%         3
 Spider Form              Tmut/Pois      0%         N/A       75%         3
 Swiftness                Air            0%         N/A       75%         3
 Teleport Other           Tloc           0%         N/A       75%         3
 Airstrike                Air            0%         N/A       98%         4
 Anguish                  Hex/Necr       0%         N/A       98%         4
 Olgreb's Toxic Radiance  Pois           0%         N/A       98%         4
 Dispersal                Tloc           0%         N/A       100%        6
 Disjunction              Tloc           0%         N/A       100%        8


Dungeon Overview and Level Annotations

Branches:
Dungeon (14/15)            Temple (1/1) D:5            Lair (0/6) D:8
    Orc (0/2) D:12          Sewer (visited)         Ossuary (visited)
 Vaults: D:13-14

Altars:
Ashenzari
Cheibriados
Dithmenos
Elyvilon
Fedhas
Gozag
Hepliaklqana
Kikubaaqudgha
Makhleb
Nemelex Xobeh
Okawaru
Qazlal
Ru
Sif Muna
Trog
Uskayaw
Vehumet
Wu Jian
Xom
Yredelemnul
Zin
The Shining One

Shops:
D:8 *   D:13 (

Annotations:
D:14 Agnes


Innate Abilities, Weirdness & Mutations

You can breathe blasts of noxious fumes.
Your lurid green scales are hard. (AC +8)
You cannot fit into any form of body armour.
Your system is resistant to poisons. (rPois)
You are cold-blooded and may be slowed by cold attacks.


Message History

Agnes hits you with a +3 lajatang of distortion!!
Space warps horribly around you!!
Agnes mutters, "I never trained for this."
Agnes hits you with a +3 lajatang of distortion!
* * * LOW HITPOINT WARNING * * *
Space warps around you.
* * * LOW HITPOINT WARNING * * *
You closely miss Agnes. You tail-slap Agnes.
Agnes is heavily wounded.
Agnes hits you but does no damage. Space warps around you.
* * * LOW HITPOINT WARNING * * *
You completely miss Agnes.
Agnes is heavily wounded.
Agnes hits you with a +3 lajatang of distortion!
* * * LOW HITPOINT WARNING * * *
Space warps around you.
* * * LOW HITPOINT WARNING * * *
Unknown command.
You slash Agnes!
Your tail-slap misses Agnes.
Agnes is heavily wounded.
Agnes barely misses you.
Unknown command.
You slash Agnes!
Your tail-slap misses Agnes.
Agnes is severely wounded.
Agnes completely misses you.
Unknown command.
You closely miss Agnes.
Agnes is severely wounded.
Agnes misses you.
Unknown command.
You slash Agnes!
Agnes is severely wounded.
Agnes shouts, "I will kick you around like a rattan ball!"
Agnes closely misses you.
Unknown command.
You miss Agnes.
Agnes is severely wounded.
Agnes completely misses you.
Agnes hits you with a +3 lajatang of distortion!!!
You die...

#### ########..####
.#########>.............
...>...@...##........###
#######i......#####.....
##†##########.....
#..#####......###
...####)..........##
.........)..).[.######
....###.....#).).....#
## .....###......###..
#..##..........# ###


You could see Agnes.

Vanquished Creatures
  Fannar (D:11)
  2 boulder beetles
  An ogre mage (D:11)
  2 centaur warriors
  2 two-headed ogres
  Lodul (D:14)
  A wizard (D:14)
  10 ugly things
  4 cyclopes
  3 manticores
  A black mamba (shapeshifter) (D:14)
  2 komodo dragons
  An efreet (D:11)
  A tengu conjurer (D:14)
  7 trolls
  A hornet (D:11)
  3 slime creatures
  A centaur simulacrum (D:14)
  12 yaks
  3 shadows
  A wraith (D:13)
  5 wyverns
  3 basilisks
  4 steam dragons
  9 vampire mosquitoes
  Menkaure (D:7)
  2 acid dragons (D:11)
  A water moccasin (D:7)
  4 orc warriors
  An ice beast (D:7)
  3 black bears
  4 ogres (D:14)
  7 centaurs
  5 phantoms
  3 kobold brigands
  4 bullfrogs
  A gnoll sergeant (D:13)
  2 scorpions (D:6)
  A wyvern zombie (D:5)
  5 necrophages
  A water moccasin zombie (D:5)
  11 wights
  3 troll zombies (D:12)
  4 killer bees
  5 howler monkeys
  A centaur zombie (D:5)
  A crimson imp (D:11)
  2 bullfrog zombies (D:5)
  4 hounds
  A human zombie (D:5)
  7 orc priests
  Crazy Yiuf (D:2)
  A gnoll shaman (D:6)
  2 iguanas
  17 orc wizards
  A scorpion zombie (D:5)
  5 ogre zombies (D:12)
  9 mummies
  A howler monkey zombie (D:5)
  8 adders
  8 gnolls
  3 river rats
  3 shadow imps (D:5)
  A white imp (D:11)
  An ufetubus (D:5)
  4 worms
  3 dart slugs
  47 orcs
  8 ball pythons
  6 endoplasms
  3 giant cockroaches
  2 gnoll zombies (Ossuary)
  12 goblins
  9 hobgoblins
  18 kobolds
  8 quokkas
  8 bats
  5 frilled lizards
  4 goblin zombies (D:12)
  A hobgoblin skeleton (D:12)
  4 hobgoblin zombies
  3 kobold zombies (Ossuary)
  3 orc skeletons (D:12)
  14 orc zombies (D:12)
  9 rats
397 creatures vanquished.

Vanquished Creatures (others)
  3 plants (D:8)
3 creatures vanquished.

Grand Total: 400 creatures vanquished

Notes
Turn   | Place    | Note
-------+----------+-------------------------------------------
     0 | D:1      | KristoblXynda the Draconian Berserker began the quest for
                  | the Orb.
     0 | D:1      | Reached XP level 1. HP: 19/19 MP: 1/1
    63 | D:1      | Reached XP level 2. HP: 16/26 MP: 2/2
   884 | D:1      | Reached XP level 3. HP: 33/33 MP: 3/3
  1791 | D:2      | Identified the ring "Zuchudim" {Wiz rC+ Int+6}
  1827 | D:2      | Found a runed translucent door.
  1829 | D:2      | Noticed Crazy Yiuf
  2156 | D:2      | Reached XP level 4. HP: 36/40 MP: 4/4
  2326 | D:2      | Killed Crazy Yiuf
  2399 | D:3      | Found a radiant altar of Vehumet.
  2433 | D:3      | Reached ** piety under Trog
  2454 | D:3      | Reached skill level 4 in Long Blades
  2903 | D:3      | Found a glowing golden altar of the Shining One.
  3049 | D:4      | Noticed a phantom
  3062 | D:4      | Killed a phantom
  3063 | D:4      | Reached XP level 5. HP: 47/47 MP: 5/5
  3245 | D:4      | Noticed a steam dragon
  3370 | D:4      | Killed a steam dragon
  3371 | D:4      | Reached skill level 5 in Fighting
  3371 | D:4      | Reached XP level 6. HP: 56/56 MP: 6/6
  3499 | D:4      | Reached skill level 5 in Long Blades
  4195 | D:4      | Your scales start taking on a lurid green colour.
  4195 | D:4      | Reached XP level 7. HP: 48/62 MP: 7/7
  4195 | D:4      | Gained mutation: Your system is resistant to poisons.
                  | (rPois) [Green Draconian growth]
  4679 | D:4      | Reached skill level 5 in Dodging
  4932 | D:5      | Entered Level 5 of the Dungeon
  5146 | D:5      | Found a staircase to the Ecumenical Temple.
  5389 | D:5      | Reached skill level 6 in Long Blades
  5567 | D:5      | Reached XP level 8. HP: 71/71 MP: 8/8
  5900 | D:5      | Found a basalt altar of Yredelemnul.
  6200 | D:5      | Reached *** piety under Trog
  6981 | Temple   | Entered the Ecumenical Temple
  7182 | D:5      | Reached skill level 7 in Long Blades
  7418 | D:6      | Found a sand-covered staircase.
  7427 | Ossuary  | Entered an ossuary
  7887 | D:6      | Found a glowing drain.
  7913 | Sewer    | Entered a sewer
  8505 | D:6      | Reached XP level 9. HP: 74/81 MP: 9/9
  8767 | D:6      | Reached **** piety under Trog
 10098 | D:7      | Reached skill level 8 in Long Blades
 10364 | D:7      | Noticed Menkaure
 10375 | D:7      | Killed Menkaure
 12039 | D:8      | Found a stormy altar of Qazlal.
 12325 | D:8      | Found Holir's General Store.
 12335 | D:8      | Bought a wand of acid (4) for 192 gold pieces
 12335 | D:8      | Bought a scroll of identify for 24 gold pieces
 12400 | D:8      | Found a staircase to the Lair.
 12401 | D:8      | Noticed a komodo dragon
 12466 | D:8      | Reached skill level 9 in Long Blades
 12471 | D:8      | Reached XP level 10. HP: 88/92 MP: 10/10
 13702 | D:9      | Reached skill level 10 in Fighting
 13864 | D:9      | Noticed a centaur warrior
 13950 | D:9      | Noticed a two-headed ogre
 13973 | D:9      | Killed a two-headed ogre
 13974 | D:9      | Reached skill level 10 in Long Blades
 14996 | D:9      | You fall into a shaft and drop 1 floor!
 14996 | D:10     | Entered Level 10 of the Dungeon
 15093 | D:9      | Noticed a red ugly thing
 15114 | D:9      | Killed a red ugly thing
 15257 | D:9      | Noticed a cyclops
 15482 | D:9      | Killed a cyclops
 15483 | D:9      | Reached skill level 11 in Long Blades
 15497 | D:9      | Reached XP level 11. HP: 69/101 MP: 11/11
 15772 | D:9      | Killed a centaur warrior
 17355 | D:11     | Noticed Fannar
 17458 | D:11     | Noticed a two-headed ogre
 17462 | D:11     | Killed a two-headed ogre
 17463 | D:11     | Reached skill level 12 in Long Blades
 17539 | D:11     | Killed Fannar
 18101 | D:11     | Noticed an ogre mage
 18110 | D:11     | Killed an ogre mage
 18110 | D:11     | Noticed a boulder beetle
 18111 | D:11     | Reached skill level 10 in Dodging
 18123 | D:11     | Killed a boulder beetle
 18741 | D:12     | Reached ***** piety under Trog
 18819 | D:12     | Reached skill level 13 in Long Blades
 19141 | D:12     | Reached XP level 12. HP: 108/112 MP: 12/12
 19325 | D:12     | Found a staircase to the Orcish Mines.
 20181 | D:13     | Found Gomm's Weapon Shop.
 20832 | D:13     | Noticed a centaur warrior
 21229 | D:14     | Reached skill level 14 in Long Blades
 22060 | D:14     | Noticed Agnes
 22073 | D:14     | Noticed a vault guard
 22074 | D:14     | Noticed a tengu warrior
 22074 | D:14     | Noticed a vault guard
 22075 | D:14     | Noticed Lodul
 22083 | D:14     | Noticed a six-headed hydra
 22230 | D:14     | Received a gift from Trog
 22310 | D:14     | Noticed a centaur warrior
 22322 | D:14     | Killed a centaur warrior
 22611 | D:14     | Killed Lodul
 22668 | D:14     | Noticed a boulder beetle
 22713 | D:14     | Killed a boulder beetle
 22714 | D:14     | Reached XP level 13. HP: 63/122 MP: 4/13
 22883 | D:14     | Mangled by Agnes

Illustrated notes

Levels and vault maps discovered:
D:1:      dpeg_arrival_chambers_temple_mockup, layout_basic, roderic_lattice_a,
          hangedman_decor_push, minmay_vboxes
D:2:      layout_rooms, interstate_on_off, uniq_crazy_yiuf_cottage
D:3:      layout_rooms, fiery_altar_vehumet, tso_metal_star
D:4:      minmay_skewed_foursquare, layout_layer_cave, serial_glass,
          glass_columns_a, glass_columns_a
D:5:      layout_gridville, lemuel_mausoleum_altar_yredelemnul,
          minmay_temple_entry_drinking_statues, minivault_26,
          lemuel_flame_loot_1
D:6:      layout_loops_corners, enter_ossuary_1, gup_sewer_entry_bubbles,
          dk_vineyard_1
D:7:      layout_basic, grunt_ministairs_13, minmay_diced_spiral, uniq_menkaure
D:8:      minmay_goldmine, layout_rooms, amcnicky_altar_gilded,
          david_lair_shrubbed, serial_shops, nicolae_lakefront_shop
D:9:      wad_arrow_thing, layout_basic
D:10:     layout_loops_ring
D:11:     minmay_cornered_nines, layout_rooms, kennysheep_cross_bottleneck,
          minmay_fire_ice_demons, uniq_fannar
D:12:     layout_stronghold, zombieorc2_lemuel, serial_column_ruins,
          column_ruins_hut_pillars, column_ruins_open_tiny,
          column_ruins_columns_dead_end, column_ruins_open_tiny,
          column_ruins_open_tiny, column_ruins_grid_4
D:13:     layout_cave_pods, serial_shops, nicolae_shop_crystal,
          serial_park_tiny_2, lightli_corner_chamber
D:14:     layout_rooms, lightli_vaults_fourway_checkpoint, okawaru_trees_1,
          uniq_lodul, uniq_agnes
Temple:   compressed_dpeg_circular_temple

Skill      XL: |  1  2  3  4  5  6  7  8  9 10 11 12 |
---------------+-------------------------------------+-----
Dodging        | 3 4 5 6 8 9 10 11 | 11.3
Fighting       | 4 5 6 8 9 10 12 13 | 13.3
Long Blades    | 4 5 6 7 9 11 13 14 | 14.9

Action                   |  1- 3 |  4- 6 |  7- 9 | 10-12 | 13-15 || total
-------------------------+-------+-------+-------+-------+-------++-------
Melee: Falchion          |   122 |   133 |   620 |   212 |       ||  1087
       Tailslap          |    19 |    22 |   110 |   151 |     3 ||   305
       Punch             |       |     1 |     9 |     1 |       ||    11
       Great sword       |       |       |       |   485 |    17 ||   502
       Scimitar          |       |       |       |    21 |       ||    21
Throw: Throwing net      |       |       |       |     1 |       ||     1
Invok: Berserk           |     2 |     3 |    12 |    22 |     1 ||    40
       Trog's Hand       |       |       |       |     1 |       ||     1
 Abil: Breathe Noxious F |       |       |     2 |     3 |       ||     5
Evoke: Wand              |       |       |       |     2 |       ||     2
  Use: Scroll            |       |     3 |    17 |     8 |       ||    28
       Potion            |       |       |     1 |     1 |       ||     2
 Stab: Sleeping          |     1 |     3 |     4 |     1 |       ||     9
       Distracted        |       |       |     2 |     1 |     1 ||     4
       Confused          |       |       |       |     1 |       ||     1
       Held in net/web   |       |       |       |     1 |       ||     1
Armor: Skin              |    38 |    25 |   177 |   202 |     4 ||   446
Dodge: Dodged            |    74 |    92 |   487 |   613 |    10 ||  1276

Table legend: (Time is in decaauts)
 A = Elapsed time spent in this place.
 B = Non-inter-level travel time spent in this place.
 C = Inter-level travel time spent in this place.
 D = Time resting spent in this place.
 E = Time spent auto-exploring this place.
 F = Levels seen in this place.
 G = Mean time per level.
                   A        B        C        D        E       F      G
               +--------+--------+--------+--------+--------+-----+--------+
         Total |  23272 |  22685 |    587 |   8163 |  11021 |  17 | 1368.9 |
       Dungeon |  22309 |  21759 |    550 |   8026 |  10450 |  14 | 1593.5 |
        Temple |    134 |     97 |     37 |      0 |     78 |   1 |  134.0 |
         Sewer |    450 |    450 |      0 |    136 |    229 |   1 |  450.0 |
       Ossuary |    378 |    378 |      0 |      0 |    263 |   1 |  378.0 |
               +--------+--------+--------+--------+--------+-----+--------+

Top non-repeatable levels by time:
     D:9: 2606 daAuts
     D:7: 2596 daAuts
     D:5: 2321 daAuts
    D:12: 1939 daAuts
     D:4: 1905 daAuts
    D:13: 1664 daAuts
     D:1: 1479 daAuts
     D:6: 1467 daAuts
    D:10: 1364 daAuts
     D:8: 1230 daAuts
    D:14: 1091 daAuts
    D:11: 1013 daAuts
     D:2: 975 daAuts
     D:3: 654 daAuts
   Sewer: 450 daAuts
